 Dungeon Crawl Stone Soup version 0.26.1-11-gd32895ea62 (webtiles) character file.

Game seed: 17266054272296450045

39 Zeld the Grave Robber (level 3, -6/23 HPs)
             Began as an Octopode Necromancer on May 24, 2021.
             Mangled by a gnoll
             ... wielding a +0 spear
              (9 damage)
             ... on level 2 of the Dungeon.
             The game lasted 00:05:53 (1947 turns).

Zeld the Grave Robber (Octopode Necromancer)        Turns: 1947, Time: 00:05:53

Health: -6/23      AC:  1    Str:  7    XL:     3   Next: 45%
Magic:  6/6        EV: 13    Int: 18    God:
Gold:   74         SH:  0    Dex: 12    Spells: 1/6 levels left

rFire    . . .     SeeInvis .   (no weapon)
rCold    . . .     Faith    .   (no shield)
rNeg     . . .     Spirit   .   (helmet restricted)
rPois    .         Reflect  .   (no amulet)
rElec    .         Harm     .   (no ring)
rCorr    .         Rampage  .   (no ring)
Will     .....                  (no ring)
Stlth    +++.......             (no ring)
HPRegen  0.07/turn              (no ring)
MPRegen  0.10/turn              (no ring)
                                (no ring)
                                (no ring)

@: no status effects
A: almost no armour, stealthy swim, amphibious, 8 rings, constrict 8, camouflage
1, gelatinous body 1
a: no special abilities


You were on level 2 of the Dungeon.
You visited 1 branch of the dungeon, and saw 2 of its levels.

You collected 74 gold pieces.

Inventory:

Scrolls
 a - 3 scrolls of identify {unknown}
 d - 2 scrolls of enchant armour {unknown}
 e - 3 scrolls of enchant weapon {unknown}
 h - a scroll of fog {unknown}
 i - a scroll of immolation {unknown}
 j - a scroll of blinking {unknown}
Potions
 b - a potion of curing {unknown}
 c - 2 potions of ambrosia {unknown}
 f - 3 potions of haste {unknown}
 g - 2 potions of attraction {unknown}


   Skills:
 + Level 1.0 Fighting
 + Level 2.4 Dodging
 - Level 2.6 Stealth
 + Level 2.3 Spellcasting
 * Level 4.5 Necromancy


You had one spell level left.
You knew the following spells:

 Your Spells              Type           Power        Failure   Level
a - Pain                  Necr           72%          2%          1
b - Animate Skeleton      Necr           36%          2%          1
c - Vampiric Draining     Necr           9%           9%          3

Your spell library contained the following spells:

 Spells                   Type           Power        Failure   Level
 Animate Dead             Necr           9%           26%         4
 Agony                    Necr           18%          58%         5


Dungeon Overview and Level Annotations

Branches:
Dungeon (2/15)

Altars:
Vehumet


Innate Abilities, Weirdness & Mutations

You cannot wear most types of armour.
You are very stealthy in the water. (Stealth+)
You are amphibious.
You can wear up to eight rings at the same time.
You can use your tentacles to constrict eight enemies at once.
Your skin changes colour to match your surroundings (Stealth+).
Your rubbery body absorbs attacks. (AC +1, EV +1)


Message History

Casting: Pain (safe; 2% risk of failure)
Confirm with . or Enter, or press ? or * to list all spells.
Aiming: Pain (safe; 2% risk of failure)
Press: ? - help, Shift-Dir - straight line, f/p - gnoll
Aim: a gnoll, wielding a +0 whip (moderately wounded, chance to affect: 84%)
The gnoll writhes in agony.
The gnoll hits you with a +0 whip!
* * * LOW HITPOINT WARNING * * *
There is a stone staircase leading up here.
Casting: Pain (safe; 2% risk of failure)
Confirm with . or Enter, or press ? or * to list all spells.
Aiming: Pain (safe; 2% risk of failure)
Press: ? - help, Shift-Dir - straight line, f/p - gnoll
Aim: a gnoll, wielding a +0 whip (heavily wounded, chance to affect: 84%)
The gnoll writhes in agony.
You see here a +0 club.
The gnoll hits you with a +0 whip.
* * * LOW HITPOINT WARNING * * *
Found a runed scarf.
The gnoll hits you from afar with a +0 spear!
You die...

.## ##......≈##.# ...#
..####........##.# .(..#
..............##.# ....#
..............##'##....#
.......).≈≈............#
.........≈.............#
...............gg...#### #######
...≈..........g.....# ####.....##
..≈♣≈...........@...# #..........
#####.#.##........#####.###..#...
#.#.##.....)..# #.......###.#
#####.#.##........###.#.##...#...
......# #######+#........#...._.
####### #.##.#.#.#..#... .....
#.##.#.#...###.# #####
#......#....#... ####...#.#..)...


You could see 3 gnolls.

Vanquished Creatures
  An adder (D:2)
  An ooze (D:1)
  A worm (D:2)
  A dart slug (D:2)
  A ball python (D:2)
  A giant cockroach (D:2)
  3 hobgoblins
  3 kobolds (D:1)
  A bat (D:1)
  5 goblins
  A rat (D:1)
19 creatures vanquished.

Vanquished Creatures (collateral kills)
  A kobold (D:2)
  A bat (D:2)
  A frilled lizard (D:2)
3 creatures vanquished.

Grand Total: 22 creatures vanquished

Notes
Turn   | Place    | Note
-------+----------+-------------------------------------------
     0 | D:1      | Zeld the Octopode Necromancer began the quest for the Orb.
     0 | D:1      | Reached XP level 1. HP: 11/11 MP: 3/3
     2 | D:1      | Learned a level 1 spell: Animate Skeleton
   298 | D:1      | Reached XP level 2. HP: 14/18 MP: 0/5
   955 | D:2      | Found a radiant altar of Vehumet.
   969 | D:2      | Reached XP level 3. HP: 14/22 MP: 1/6
   973 | D:2      | Learned a level 3 spell: Vampiric Draining
  1377 | D:2      | Reached skill level 1 in Fighting
  1947 | D:2      | Mangled by a gnoll

Illustrated notes

Levels and vault maps discovered:
D:1:      dpeg_arrival_orchard, layout_rooms
D:2:      minmay_recursive_quarters, layout_basic, old_standard_altar,
          vehumet_crystals, glass_columns_b, kennysheep_decorative_pillar,
          uniq_terence

Skill      XL: |  1  2  3 |
---------------+----------+-----
Fighting       | 1 |  1.0
Dodging        | |  2.4
Stealth        | |  2.6
Spellcasting   | |  2.3
Necromancy     | |  4.5

Action                   || total
-------------------------++-------
Melee: Unarmed           ||     6
       Constrict         ||     1
 Cast: Pain              ||    42
       Animate Skeleton  ||    11
Armor: Skin              ||     5
Dodge: Dodged            ||    12
